 Dungeon Crawl Stone Soup version 0.29.0-4-gdea44cf6ec (webtiles) character file.

Game seed: 475349169732331232

8115 qw the Severer (level 11, -2/94 (97) HPs)
             Began as a Minotaur Berserker on Sept 7, 2022.
             Was an Elder of Trog.
             Slain by an orc warrior
             ... wielding a +0 glaive
              (15 damage)
             ... on level 10 of the Dungeon.
             The game lasted 00:03:27 (10742 turns).

qw the Severer (Minotaur Berserker)                Turns: 10742, Time: 00:03:27

HP:   -2/94 (97)    AC: 19    Str: 25    XL:     11   Next: 5%
MP:   10/10         EV:  8    Int:  4    God:    Trog [****..]
Gold: 155           SH:  5    Dex: 11    Spells: 10/10 levels left

rFire   . . .      SeeInvis .   Y - +2 broad axe
rCold   + . .      Faith    .   b - +0 buckler
rNeg    . . .      Spirit   .   v - +0 plate armour
rPois   +          Reflect  .   (helmet restricted)
rElec   .          Harm     .   d - +0 cloak
rCorr   .          Rampage  .   p - +2 pair of gloves
Will    .....                   q - +0 pair of boots
Stlth   ..........              (no amulet)
HPRegen 0.25/turn               e - ring of protection from cold
MPRegen 0.12/turn               f - ring of poison resistance

@: about to teleport, on berserk cooldown, slowed, lightly drained, very slow
A: horns 2, retaliatory headbutt
a: Renounce Religion, Berserk, Trog's Hand, Brothers in Arms


You were on level 10 of the Dungeon.
You worshipped Trog.
Trog was greatly pleased with you.
You visited 1 branch of the dungeon, and saw 10 of its levels.

You collected 547 gold pieces.
You spent 392 gold pieces at shops.


Innate Abilities, Weirdness & Mutations

You have a pair of horns on your head.
You reflexively headbutt those who attack you in melee.


   Skills:
 - Level 9.0 Fighting
 + Level 15.8 Axes
 - Level 1.0 Throwing
 - Level 8.4 Armour
 - Level 3.0 Dodging
 - Level 5.3 Shields


You had 10 spell levels left.
You didn't know any spells.
Your spell library was empty.

Inventory:

Hand Weapons
 c - a +0 morningstar
 Y - a +2 broad axe (weapon)
Missiles
 m - 2 boomerangs (quivered)
Armour
 b - a +0 buckler (worn)
 d - a +0 cloak (worn)
 p - a +2 pair of gloves (worn)
 q - a +0 pair of boots (worn)
 v - a +0 plate armour (worn)
Jewellery
 e - a ring of protection from cold (left hand)
 f - a ring of poison resistance (right hand)
 h - a ring of willpower
 o - a ring of protection from fire
 r - a +6 ring of dexterity
Scrolls
 a - a scroll of identify
 t - a scroll of teleportation
Potions
 g - 4 potions of curing
 i - 4 potions of haste
 j - a potion of cancellation
 k - a potion of heal wounds
 l - a potion of might
 n - a potion of mutation

Dungeon Overview and Level Annotations

Branches:
Dungeon (10/15)            Temple (0/1) D:4
   Lair: D:8-11         Orc: D:9-12

Altars:
Cheibriados
Hepliaklqana
Makhleb
Qazlal
Sif Muna
Trog
Wu Jian

Shops:
D:7 ?

Annotations:
D:10 2 runed translucent doors


Message History

You block the orc warrior's attack.
You barely miss the orc warrior.
The orc warrior is moderately wounded.
You slash the orc!
You kill the orc!
Trog accepts your kill.
You slash the orc!
You kill the orc!
Trog accepts your kill.
You slash the orc!
You kill the orc!
Trog accepts your kill.
The orc warrior hits you but does no damage.
You hit the orc warrior but do no damage.
You headbutt the orc warrior, but do no damage.
The orc warrior is moderately wounded.
The orc warrior barely misses you.
You barely miss the orc warrior. Your headbutt misses the orc warrior.
The orc warrior is moderately wounded.
You slash the death yak! The death yak gores you!!
You block the orc warrior's attack.
The death yak gores you but does no damage.
The orc warrior hits you but does no damage.
A death yak comes into view.
The death yak bellows!
You slash the orc warrior!
The orc warrior is heavily wounded.
You barely miss the death yak. The orc warrior barely misses you.
The death yak gores you.
10741 ||| READING 2 scrolls of teleportation.
As you read the scroll of teleportation, it crumbles to dust.
You feel strangely unstable. You block the orc warrior's attack.
A death yak comes into view.
The death yak gores you!
10742 ||| DRINKING 2 potions of heal wounds.
You feel much better.
The death yak gores you but does no damage.
The orc warrior hits you with a +0 glaive! x2
You die...

+##...##+#......## #.#
.........###.....###.### #
...................>...#.##
............##..###.......#
#..........#..........#.#
.##............>..#.....# .#
......).)........)..)...# ..
##.#####)...#)#..........# #
#......<....@)#.#....###....
#.########.oY).>#.#.... ..##
#.#.#..#.........#
#..Y........... .
##............. Y...##...#
.....# ...< .#...# ...


You could see 3 death yaks and an orc warrior.

Vanquished Creatures
  A two-headed ogre (D:10)
  Joseph (D:10)
  A gargoyle (D:10)
  A komodo dragon (D:7)
  A troll (D:10)
  Grinder (D:3)
  2 wraiths
  3 wyverns
  7 yaks
  2 steam dragons
  2 water moccasins
  Pargi (D:3)
  4 orc warriors
  An ice beast (D:7)
  A sky beast (D:7)
  2 ogres
  A centaur (D:9)
  2 bullfrogs
  3 scorpions (D:5)
  2 gnoll sergeants
  3 necrophages (D:5)
  20 wights
  8 killer bees
  2 howler monkeys (D:9)
  2 jellies
  6 orc priests
  6 hounds
  Jessica (D:2)
  A hell rat (D:10)
  7 orc wizards
  A gnoll bouda (D:6)
  2 iguanas
  Robin (D:3)
  15 gnolls
  4 adders
  A shadow imp (D:6)
  3 ufetubi
  A worm (D:2)
  A dart slug (D:1)
  26 orcs
  10 endoplasms
  5 giant cockroaches
  13 goblins
  10 hobgoblins
  10 kobolds
  5 quokkas
  12 ball pythons
  7 bats
  A frilled lizard (D:1)
  9 rats
232 creatures vanquished.

Notes
Turn   | Place    | Note
-------+----------+-------------------------------------------
     0 | D:1      | qw the Minotaur Berserker began the quest for the Orb.
     0 | D:1      | Reached XP level 1. HP: 19/19 MP: 0/0
     0 | D:1      | 0 ||| qw: Version: 0.1-a-108-g9e35731
     0 | D:1      | 0 ||| qw: Game counter: 6519
     0 | D:1      | 0 ||| qw: Always use a shield: true
     0 | D:1      | 0 ||| qw: Do Orc after D:15 true
     0 | D:1      | 0 ||| qw: Do second Lair branch before Depths: true
     0 | D:1      | 0 ||| qw: Lair rune preference: random
     0 | D:1      | 0 ||| qw: Plans: Normal
     0 | D:1      | 0 ||| PLANNING D:1-11
    21 | D:1      | 21 ||| Stepping ~*~*~tactically~*~*~ (stealth).
    25 | D:1      | Reached skill level 4 in Axes
   125 | D:1      | Reached XP level 2. HP: 26/26 MP: 1/1
   351 | D:1      | 351 ||| Stepping ~*~*~tactically~*~*~ (stealth).
   352 | D:1      | 352 ||| Stepping ~*~*~tactically~*~*~ (stealth).
   400 | D:1      | Reached skill level 5 in Axes
   518 | D:1      | 518 ||| DROPPING +0 club.
   567 | D:1      | Reached ** piety under Trog
   568 | D:1      | Reached XP level 3. HP: 30/31 MP: 2/2
   952 | D:1      | Found a faded altar of an unknown god.
  1095 | D:1      | 1095 ||| UPGRADING to +0 chain mail.
  1105 | D:1      | 1105 ||| DROPPING +0 animal skin.
  1106 | D:1      | 1106 ||| UPGRADING to +6 ring of dexterity.
  1107 | D:1      | 1107 ||| UPGRADING to ring of poison resistance.
  1108 | D:1      | 1108 ||| READING scroll labelled KENTIT RIESAUG.
  1109 | D:1      | 1109 ||| READING scroll labelled ZUZARGH BID UTU.
  1110 | D:1      | 1110 ||| READING 2 scrolls labelled BUMIKI SYREIMA.
  1111 | D:1      | 1111 ||| READING scroll labelled CAYREG FAWN.
  1112 | D:1      | 1112 ||| READING scroll labelled IWIAX SEPRY.
  1113 | D:1      | 1113 ||| READING scroll labelled YGINIA OBBID.
  1214 | D:1      | 1214 ||| DROPPING scroll of poison.
  1244 | D:2      | 1244 ||| DROPPING +0 whip.
  1276 | D:2      | 1276 ||| Stepping ~*~*~tactically~*~*~ (stealth).
  1287 | D:2      | 1287 ||| Stepping ~*~*~tactically~*~*~ (stealth).
  1315 | D:2      | 1315 ||| DROPPING +2 whip of venom.
  1540 | D:2      | 1540 ||| SWAPPING to +0 broad axe.
  1573 | D:2      | 1573 ||| DROPPING +0 hand axe.
  1720 | D:2      | Reached XP level 4. HP: 36/39 MP: 3/3
  1847 | D:2      | Noticed Jessica
  1852 | D:2      | Reached skill level 6 in Axes
  1852 | D:2      | 1852 ||| Stepping ~*~*~tactically~*~*~ (stealth).
  1856 | D:2      | Killed Jessica
  1974 | D:2      | 1974 ||| READING scroll labelled XEDOSE YJUSMYA.
  2026 | D:3      | 2026 ||| INVOKING Berserk.
  2030 | D:3      | Reached skill level 7 in Axes
  2030 | D:3      | Reached XP level 5. HP: 45/45 MP: 4/4
  2085 | D:3      | 2085 ||| DROPPING +2 whip of flaming.
  2137 | D:3      | Noticed Pargi
  2152 | D:3      | Killed Pargi
  2153 | D:3      | Reached XP level 6. HP: 42/52 MP: 5/5
  2263 | D:3      | Identified the +5 rapier "Piocriv" {vorpal, rPois}
  2338 | D:3      | Noticed Grinder
  2339 | D:3      | 2339 ||| Stepping ~*~*~tactically~*~*~ (hiding).
  2342 | D:3      | 2342 ||| INVOKING Trog's Hand.
  2343 | D:3      | 2343 ||| INVOKING Berserk.
  2364 | D:3      | 2364 ||| INVOKING Trog's Hand.
  2367 | D:3      | Killed Grinder
  2368 | D:3      | Reached skill level 9 in Axes
  2594 | D:3      | 2594 ||| Stepping ~*~*~tactically~*~*~ (stealth).
  2633 | D:3      | Found an ornate altar of the Wu Jian Council.
  2684 | D:3      | Noticed Robin
  2687 | D:3      | 2687 ||| INVOKING Berserk.
  2688 | D:3      | Killed Robin
  2837 | D:3      | Found a burning altar of Makhleb.
  2971 | D:3      | 2971 ||| UPGRADING to +0 pair of gloves.
  2976 | D:3      | 2976 ||| READING scroll labelled NEQAOTHR TIARAR.
  2981 | D:3      | 2981 ||| READING scroll labelled FAGROEDOMM.
  2982 | D:3      | 2982 ||| DRINKING 2 yellow potions.
  3045 | D:4      | 3045 ||| Stepping ~*~*~tactically~*~*~ (stealth).
  3057 | D:4      | 3057 ||| Stepping ~*~*~tactically~*~*~ (stealth).
  3058 | D:4      | 3058 ||| Stepping ~*~*~tactically~*~*~ (stealth).
  3061 | D:4      | Reached XP level 7. HP: 60/60 MP: 6/6
  3070 | D:4      | Reached *** piety under Trog
  3071 | D:4      | Reached skill level 3 in Armour
  3233 | D:4      | Found a staircase to the Ecumenical Temple.
  3238 | D:4      | 3238 ||| Stepping ~*~*~tactically~*~*~ (hiding).
  3395 | D:4      | 3395 ||| INVOKING Berserk.
  3666 | D:4      | Found a stormy altar of Qazlal.
  3783 | D:4      | Identified the +10 rapier of the Gloaming {vorpal, rPois
                  | rC+ rN+++ Stlth-}
  3961 | D:4      | 3961 ||| READING 2 scrolls labelled ZICONGI READI.
  4105 | D:4      | 4105 ||| READING 3 scrolls of identify.
  4105 | D:4      | 4105 ||| IDENTIFYING amethyst potion
  4106 | D:4      | 4106 ||| READING 2 scrolls of identify.
  4106 | D:4      | 4106 ||| IDENTIFYING lumpy amethyst potion
  4107 | D:4      | 4107 ||| DROPPING potion of attraction.
  4108 | D:4      | 4108 ||| DROPPING potion of lignification.
  4109 | D:4      | 4109 ||| DROPPING scroll of torment.
  4127 | D:5      | Entered Level 5 of the Dungeon
  4286 | D:5      | Reached skill level 10 in Axes
  4374 | D:5      | 4374 ||| Stepping ~*~*~tactically~*~*~ (stealth).
  4376 | D:5      | 4376 ||| Stepping ~*~*~tactically~*~*~ (hiding).
  4382 | D:5      | 4382 ||| INVOKING Berserk.
  4443 | D:5      | 4443 ||| Stepping ~*~*~tactically~*~*~ (stealth).
  4456 | D:5      | 4456 ||| Stepping ~*~*~tactically~*~*~ (stealth).
  4458 | D:5      | 4458 ||| Stepping ~*~*~tactically~*~*~ (stealth).
  4459 | D:5      | 4459 ||| Stepping ~*~*~tactically~*~*~ (stealth).
  4499 | D:5      | 4499 ||| Stepping ~*~*~tactically~*~*~ (stealth).
  4501 | D:5      | 4501 ||| INVOKING Berserk.
  4504 | D:5      | Reached skill level 6 in Fighting
  4869 | D:5      | 4869 ||| Stepping ~*~*~tactically~*~*~ (stealth).
  4993 | D:5      | Reached XP level 8. HP: 62/70 MP: 7/7
  5115 | D:5      | 5115 ||| Stepping ~*~*~tactically~*~*~ (stealth).
  5117 | D:5      | Reached skill level 3 in Dodging
  5118 | D:5      | 5118 ||| INVOKING Berserk.
  5134 | D:5      | Reached skill level 11 in Axes
  5304 | D:5      | 5304 ||| UPGRADING to +0 buckler.
  5309 | D:5      | 5309 ||| UPGRADING to +0 pair of boots.
  5314 | D:5      | 5314 ||| UPGRADING to ring of protection from cold.
  5316 | D:5      | 5316 ||| READING scroll labelled ACEADI FOTIL.
  5317 | D:5      | 5317 ||| READING 2 scrolls labelled XOMOYBB ZOUSACS.
  5318 | D:5      | 5318 ||| DROPPING scroll of immolation.
  5365 | D:6      | Reached skill level 1 in Shields
  5432 | D:6      | Reached skill level 3 in Shields
  5524 | D:6      | 5524 ||| Stepping ~*~*~tactically~*~*~ (hiding).
  5526 | D:6      | 5526 ||| Stepping ~*~*~tactically~*~*~ (hiding).
  5527 | D:6      | 5527 ||| INVOKING Berserk.
  5667 | D:6      | Found a snail-covered altar of Cheibriados.
  5736 | D:6      | 5736 ||| INVOKING Berserk.
  6051 | D:6      | 6051 ||| INVOKING Berserk.
  6180 | D:6      | 6180 ||| Stepping ~*~*~tactically~*~*~ (stealth).
  6182 | D:6      | Found a bloodstained altar of Trog.
  6193 | D:6      | 6193 ||| Stepping ~*~*~tactically~*~*~ (stealth).
  6271 | D:6      | 6271 ||| Stepping ~*~*~tactically~*~*~ (hiding).
  6287 | D:6      | 6287 ||| INVOKING Berserk.
  6292 | D:6      | Reached skill level 12 in Axes
  6470 | D:6      | 6470 ||| DROPPING +2 vorpal flail.
  6526 | D:6      | 6526 ||| INVOKING Berserk.
  6532 | D:6      | Reached XP level 9. HP: 78/78 MP: 8/8
  6616 | D:6      | Found a shimmering blue altar of Sif Muna.
  6634 | D:6      | Reached skill level 1 in Throwing
  6733 | D:6      | 6733 ||| DROPPING +1 scale mail of poison resistance.
  6734 | D:6      | 6734 ||| UPGRADING to +0 plate armour.
  6744 | D:6      | 6744 ||| DROPPING +0 chain mail.
  6745 | D:6      | 6745 ||| READING scroll labelled PILICU QIVVIU.
  6746 | D:6      | 6746 ||| DRINKING 3 green potions.
  6747 | D:6      | 6747 ||| READING 3 scrolls of identify.
  6747 | D:6      | 6747 ||| IDENTIFYING red potion
  6748 | D:6      | 6748 ||| READING 2 scrolls of identify.
  6748 | D:6      | 6748 ||| IDENTIFYING fuming brown potion
  6749 | D:6      | 6749 ||| DROPPING potion of brilliance.
  6849 | D:7      | 6849 ||| Stepping ~*~*~tactically~*~*~ (hiding).
  6853 | D:7      | 6853 ||| INVOKING Berserk.
  6915 | D:7      | 6915 ||| Stepping ~*~*~tactically~*~*~ (stealth).
  6916 | D:7      | 6916 ||| Stepping ~*~*~tactically~*~*~ (stealth).
  6923 | D:7      | 6923 ||| Stepping ~*~*~tactically~*~*~ (stealth).
  6924 | D:7      | 6924 ||| Stepping ~*~*~tactically~*~*~ (stealth).
  6929 | D:7      | 6929 ||| Stepping ~*~*~tactically~*~*~ (stealth).
  6930 | D:7      | 6930 ||| Stepping ~*~*~tactically~*~*~ (stealth).
  6931 | D:7      | 6931 ||| Stepping ~*~*~tactically~*~*~ (stealth).
  6979 | D:7      | Found Bimayts's Magic Scroll Shop.
  6984 | D:7      | 6984 ||| BUYING scroll of enchant armour (120 gold).
  6984 | D:7      | Bought a scroll of enchant armour for 120 gold pieces
  6984 | D:7      | 6984 ||| BUYING scroll of enchant armour (120 gold).
  6984 | D:7      | Bought a scroll of enchant armour for 120 gold pieces
  6984 | D:7      | 6984 ||| BUYING scroll of enchant weapon (120 gold).
  6984 | D:7      | Bought a scroll of enchant weapon for 120 gold pieces
  6984 | D:7      | 6984 ||| BUYING scroll of identify (32 gold).
  6984 | D:7      | Bought a scroll of identify for 32 gold pieces
  6984 | D:7      | 6984 ||| SHOPLISTING scroll of teleportation (48 gold, have
                  | 27).
  6984 | D:7      | 6984 ||| READING 2 scrolls of enchant armour.
  6984 | D:7      | 6984 ||| ENCHANTING +0 pair of gloves.
  6985 | D:7      | 6985 ||| READING scroll of enchant armour.
  6985 | D:7      | 6985 ||| ENCHANTING +1 pair of gloves.
  6986 | D:7      | 6986 ||| READING scroll of enchant weapon.
  6986 | D:7      | 6986 ||| ENCHANTING +1 broad axe.
  6997 | D:7      | Noticed a komodo dragon
  6999 | D:7      | 6999 ||| INVOKING Berserk.
  7003 | D:7      | Killed a komodo dragon
  7004 | D:7      | Reached skill level 6 in Armour
  7092 | D:7      | 7092 ||| Stepping ~*~*~tactically~*~*~ (stealth).
  7503 | D:7      | 7503 ||| Stepping ~*~*~tactically~*~*~ (stealth).
  7504 | D:7      | 7504 ||| Stepping ~*~*~tactically~*~*~ (stealth).
  7563 | D:7      | 7563 ||| DRINKING 2 viscous grey potions.
  7664 | D:7      | 7664 ||| READING 2 scrolls of identify.
  7664 | D:7      | 7664 ||| IDENTIFYING clear potion
  7665 | D:7      | 7665 ||| DROPPING potion of ambrosia.
  7686 | D:8      | 7686 ||| STAIRDANCE
  7694 | D:7      | 7694 ||| INVOKING Berserk.
  7697 | D:7      | Reached skill level 13 in Axes
  7898 | D:8      | 7898 ||| STAIRDANCE
  7980 | D:8      | 7980 ||| STAIRDANCE
  7982 | D:7      | 7982 ||| INVOKING Berserk.
  8147 | D:8      | 8147 ||| Stepping ~*~*~tactically~*~*~ (stealth).
  8149 | D:8      | 8149 ||| Stepping ~*~*~tactically~*~*~ (stealth).
  8188 | D:8      | Reached XP level 10. HP: 88/88 MP: 9/9
  8209 | D:8      | 8209 ||| INVOKING Berserk.
  8454 | D:8      | 8454 ||| Stepping ~*~*~tactically~*~*~ (stealth).
  8465 | D:8      | 8465 ||| Stepping ~*~*~tactically~*~*~ (stealth).
  8484 | D:8      | 8484 ||| Stepping ~*~*~tactically~*~*~ (stealth).
  8495 | D:8      | 8495 ||| Stepping ~*~*~tactically~*~*~ (stealth).
  8496 | D:8      | 8496 ||| Stepping ~*~*~tactically~*~*~ (stealth).
  8536 | D:8      | 8536 ||| DROPPING +3 flail of holy wrath.
  8557 | D:8      | 8557 ||| Stepping ~*~*~tactically~*~*~ (stealth).
  8564 | D:8      | Reached skill level 14 in Axes
  8624 | D:8      | 8624 ||| INVOKING Berserk.
  9012 | D:8      | Reached **** piety under Trog
  9125 | D:8      | 9125 ||| READING 4 scrolls of identify.
  9125 | D:8      | 9125 ||| IDENTIFYING fizzy clear potion
  9126 | D:8      | 9126 ||| READING 3 scrolls of identify.
  9126 | D:8      | 9126 ||| IDENTIFYING golden potion
  9127 | D:8      | 9127 ||| DROPPING potion of degeneration.
  9128 | D:8      | 9128 ||| DROPPING potion of invisibility.
  9217 | D:9      | 9217 ||| Stepping ~*~*~tactically~*~*~ (hiding).
  9479 | D:9      | 9479 ||| DROPPING +4 flail.
  9494 | D:9      | 9494 ||| INVOKING Berserk.
  9654 | D:9      | Reached skill level 15 in Axes
  9689 | D:9      | 9689 ||| Stepping ~*~*~tactically~*~*~ (stealth).
  9702 | D:9      | 9702 ||| INVOKING Berserk.
  9962 | D:9      | 9962 ||| Stepping ~*~*~tactically~*~*~ (stealth).
  9967 | D:9      | 9967 ||| INVOKING Berserk.
  9970 | D:9      | Reached skill level 9 in Fighting
 10120 | D:9      | Found a hazy altar of Hepliaklqana.
 10200 | D:9      | 10200 ||| Stepping ~*~*~tactically~*~*~ (stealth).
 10201 | D:9      | 10201 ||| Stepping ~*~*~tactically~*~*~ (stealth).
 10436 | D:9      | 10436 ||| UPGRADING to +0 cloak.
 10441 | D:9      | 10441 ||| READING 2 scrolls of identify.
 10441 | D:9      | 10441 ||| IDENTIFYING murky sapphire potion
 10470 | D:10     | Entered Level 10 of the Dungeon
 10472 | D:10     | Found a runed translucent door.
 10472 | D:10     | Noticed Joseph
 10473 | D:10     | 10473 ||| FLEEEEING.
 10474 | D:10     | 10474 ||| STAIRDANCE
 10533 | D:10     | Found a runed translucent door.
 10534 | D:10     | Noticed a two-headed ogre
 10536 | D:10     | Noticed a gargoyle
 10541 | D:10     | 10541 ||| INVOKING Berserk.
 10542 | D:10     | Killed Joseph
 10545 | D:10     | Killed a two-headed ogre
 10546 | D:10     | HP: 34/136 [gargoyle/stone arrow (1)]
 10551 | D:10     | Killed a gargoyle
 10552 | D:10     | Reached XP level 11. HP: 21/97 MP: 10/10
 10557 | D:10     | 10557 ||| READING 3 scrolls of teleportation.
 10558 | D:10     | 10558 ||| DRINKING 3 potions of heal wounds.
 10703 | D:10     | 10703 ||| FLEEEEING.
 10704 | D:10     | 10704 ||| FLEEEEING.
 10705 | D:10     | 10705 ||| FLEEEEING.
 10706 | D:10     | 10706 ||| FLEEEEING.
 10708 | D:10     | 10708 ||| INVOKING Berserk.
 10719 | D:10     | 10719 ||| DRINKING 5 potions of curing.
 10719 | D:10     | 10719 ||| (to cure confusion)
 10729 | D:10     | 10729 ||| Stepping ~*~*~tactically~*~*~ (stealth).
 10730 | D:10     | 10730 ||| Stepping ~*~*~tactically~*~*~ (stealth).
 10731 | D:10     | 10731 ||| Stepping ~*~*~tactically~*~*~ (stealth).
 10735 | D:10     | Noticed a death yak
 10739 | D:10     | Noticed a death yak
 10740 | D:10     | HP: 22/94 [death yak (6)]
 10741 | D:10     | 10741 ||| READING 2 scrolls of teleportation.
 10741 | D:10     | Noticed a death yak
 10741 | D:10     | HP: 6/94 [death yak (16)]
 10742 | D:10     | 10742 ||| DRINKING 2 potions of heal wounds.
 10742 | D:10     | Slain by an orc warrior

Levels and vault maps discovered:
D:1:      dpeg_arrival_rooms_with_view, layout_basic,
          ebering_ecumenical_altar_webs
D:2:      wander_river, layout_basic, chequers_serial_rivers_large_a,
          st_stairs_2, uniq_jessica
D:3:      layout_basic, mainiacjoe_overflow_catwalk,
          pdpol_wu_jian_five_deadly_venoms, uniq_grinder, uniq_pargi, uniq_robin
D:4:      layout_loops_corners, grunt_qazlal_clouds,
          minmay_temple_entry_stoned_glass
D:5:      layout_loops_ring, minmay_misc_feat_ornament, grunt_decor_clamped,
          kennysheep_generic_room_16
D:6:      layout_loops_ring, kennysheep_orc_sif_temple, trog_hazing_becter,
          mainiacjoe_overflow_concentric_impassable
D:7:      layout_basic, serial_shops, shop
D:8:      layout_cave_pools
D:9:      layout_basic, mainiacjoe_overflow_six_doors_small,
          kennysheep_generic_room_3
D:10:     layout_rooms, dpeg_lair_monsters, muffindrake_ghost_dual_entry,
          serial_shops, kennysheep_mini_moat, uniq_joseph

Skill      XL: |  1  2  3  4  5  6  7  8  9 10 |
---------------+-------------------------------+-----
Axes           | 4 5 7 9 10 12 13 15 | 15.8
Fighting       | 4 6 7 9 |  9.0
Armour         | 3 4 7 8 |  8.4
Dodging        | 3 |  3.0
Shields        | 4 5 |  5.3
Throwing       | 1 |  1.0

Action                   |  1- 3 |  4- 6 |  7- 9 | 10-12 || total
-------------------------+-------+-------+-------+-------++-------
Melee: Hand axe          |    84 |       |       |       ||    84
       Headbutt          |    11 |    15 |    33 |    28 ||    87
       Broad axe         |    10 |    71 |   229 |   151 ||   461
       Punch             |     1 |     1 |       |       ||     2
Throw: Boomerang         |       |       |    11 |    10 ||    21
Invok: Berserk           |       |     3 |    13 |     7 ||    23
       Trog's Hand       |       |     2 |       |       ||     2
  Use: Scroll            |     6 |     3 |    12 |     5 ||    26
       Potion            |       |     1 |     2 |     3 ||     6
Armor: Animal skin       |     6 |       |       |       ||     6
       Chain mail        |    16 |    37 |    77 |       ||   130
       Plate armour      |       |       |    61 |    73 ||   134
Dodge: Dodged            |    43 |    36 |    89 |    36 ||   204
Block: Buckler           |       |       |    41 |    39 ||    80

Table legend:
 A = Non-vault XP
 B = Vault XP
 C = Vault XP percentage of total XP
 D = Non-vault monster count
 E = Vault monster count
 F = Vault count percentage of total count
                 A         B        C        D         E       F
            +---------+---------+-------+---------+---------+-------
      Total |    9815 |    1779 |  15.3 |     203 |      29 |  12.5
            +---------+---------+-------+---------+---------+-------
        D:1 |      57 |       3 |   5.0 |      35 |       2 |   5.4
        D:2 |      42 |      52 |  55.3 |      16 |       3 |  15.8
        D:3 |     112 |     429 |  79.3 |      17 |       7 |  29.2
        D:4 |     156 |       0 |   0.0 |      13 |       0 |   0.0
        D:5 |     824 |     204 |  19.8 |      20 |       3 |  13.0
        D:6 |     809 |     247 |  23.4 |      19 |      10 |  34.5
        D:7 |    2216 |       0 |   0.0 |      22 |       0 |   0.0
        D:8 |    2520 |       0 |   0.0 |      31 |       0 |   0.0
        D:9 |    1232 |     326 |  20.9 |      17 |       2 |  10.5
       D:10 |    1847 |     518 |  21.9 |      13 |       2 |  13.3
            +---------+---------+-------+---------+---------+-------
